 Dungeon Crawl Stone Soup version 0.20.0-10-g0535bb4 (webtiles) character file.

112 stringdemon the Gusty (level 4, -3/24 HPs)
             Began as a Tengu Air Elementalist on June 3, 2017.
             Killed from afar by Ijyb (9 damage)
             ... with a wand of flame (?/48)
             ... on level 3 of the Dungeon.
             The game lasted 00:11:07 (1974 turns).

stringdemon the Gusty (Tengu Air Elementalist)      Turns: 1974, Time: 00:11:07

Health: -3/24      AC:  4    Str:  8    XL:     4   Next: 95%
Magic:  3/8        EV: 13    Int: 16    God:
Gold:   92         SH:  0    Dex: 15    Spells: 4/7 levels left

rFire    . . .     SeeInvis .   q - +1 short sword (elec)
rCold    . . .     Gourm    .   (no shield)
rNeg     . . .     Faith    .   a - +0 robe
rPois    .         Spirit   .   (helmet restricted)
rElec    .         Reflect  .   l - +1 cloak
rCorr    .         Harm     .   (no gloves)
MR       .....                  (boots unavailable)
Stlth    ++........             (no amulet)
Regen    0.1/turn               (no ring)
MPRegen  0.2/turn               (no ring)

@: swift, quick
A: beak, talons 3
a: no special abilities


You were on level 3 of the Dungeon.
You were not hungry.

You visited 1 branch of the dungeon, and saw 3 of its levels.

You collected 92 gold pieces.

Inventory:

Hand Weapons
 q - a +1 short sword of electrocution (weapon)
Missiles
 d - 13 sling bullets
Armour
 a - a +0 robe (worn)
 l - a +1 cloak (worn)
Wands
 j - a wand of polymorph (13/24)
Scrolls
 e - 2 scrolls of teleportation {unknown}
 f - 2 scrolls of identify {unknown}
 h - 2 scrolls of amnesia {unknown}
 k - a scroll of fog {unknown}
Potions
 g - a potion of flight {unknown}
 i - a potion of cancellation {unknown}
 n - 3 potions of lignification {unknown}
 o - a potion of resistance {unknown}
 r - a potion of curing {unknown}
Books
 b - a book of Air

   Spells                             Type                      Level
   a - Shock                          Conjuration/Air              1
   b - Swiftness                      Charms/Air                   2
   c - Static Discharge               Conjuration/Air              3
   d - Airstrike                      Air                          4
   e - Lightning Bolt                 Conjuration/Air              5
 m - a book of Changes

   Spells                             Type                      Level
   a - Beastly Appendage              Transmutation                1
   b - Sticks to Snakes               Transmutation                2
   c - Spider Form                    Transmutation/Poison         3
   d - Ice Form                       Ice/Transmutation            4
   e - Blade Hands                    Transmutation                5
Comestibles
 c - 3 bread rations
 p - 10 chunks of flesh


   Skills:
 - Level 2.1 Dodging
 - Level 2.0 Stealth
 - Level 2.0 Spellcasting
 * Level 3.4 Conjurations
 + Level 6.4 Air Magic


You had 4 spell levels left.
You knew the following spells:

 Your Spells              Type           Power        Failure   Level  Hunger
a - Shock                 Conj/Air       ###.         2%          1    #......
b - Swiftness             Chrm/Air       ##......     9%          2    ###....


Dungeon Overview and Level Annotations

Branches:
Dungeon (3/15)

Altars:

Annotations:
D:3 Ijyb


Innate Abilities, Weirdness & Mutations

You have a beak for a mouth.
You have claws for feet.


Message History

It is a wand of flame (?/48).
You closely miss Ijyb.
Ijyb is moderately wounded.
Ijyb barely misses you.
You barely miss Ijyb. Your peck misses Ijyb.
Ijyb is moderately wounded.
Ijyb hits you.
You hit Ijyb but do no damage.
Ijyb is moderately wounded.
Ijyb closely misses you.
You hit Ijyb. Your peck misses Ijyb.
Ijyb is heavily wounded.
Ijyb zaps a wand.
The puff of flame hits you!
Casting: Shock
Confirm with . or Enter, or press ? or * to list all spells.
You feel quick. Ijyb hits you.
* * * LOW HITPOINT WARNING * * *
Ijyb screams, "Get away!"
Ijyb zaps a wand.
The puff of flame hits you!
You die...

#..#.......#......#
#..#.......#......#
#..#.......#......#
#..#.....).#......#
#..#..[...).......#
#.................##.
#..####'###..........
#..###........#####.
#....@..............#
##g###.........###..#
#.# #....รท<#<.#
#.##.....###..#
#.##.....# .....
#.#......# ##....
#.#.#..... ....# ...
#.####. ....# #.. #.
....#


You could see Ijyb.

Vanquished Creatures
  4 adders
  An ooze (D:2)
  4 worms
  3 dart slugs
  A leopard gecko (D:2)
  4 orcs (D:3)
  A giant cockroach (D:2)
  2 goblins
  7 hobgoblins
  4 kobolds
  A quokka (D:2)
  9 bats
  5 frilled lizards
  7 rats
53 creatures vanquished.

Notes
Turn   | Place    | Note
-------+----------+-------------------------------------------
     0 | D:1      | stringdemon the Tengu Air Elementalist began the quest for the Orb.
     0 | D:1      | Reached XP level 1. HP: 10/10 MP: 4/4
   283 | D:1      | Reached XP level 2. HP: 15/15 MP: 6/6
   287 | D:1      | Learned a level 2 spell: Swiftness
   767 | D:2      | Reached skill level 5 in Air Magic
   767 | D:2      | Reached XP level 3. HP: 19/19 MP: 3/7
  1343 | D:2      | Reached XP level 4. HP: 24/24 MP: 0/8
  1503 | D:2      | Reached skill level 6 in Air Magic
  1961 | D:3      | Noticed Ijyb
  1974 | D:3      | Killed from afar by Ijyb

Skill      XL: |  1  2  3  4 |
---------------+-------------+-----
Conjurations   | 2 3 |  3.4
Air Magic      | 5 6 |  6.4
Dodging        | |  2.1
Stealth        | |  2.0
Spellcasting   | |  2.0

Action                   |  1- 3 |  4- 6 || total
-------------------------+-------+-------++-------
Melee: Short sword       |    18 |    15 ||    33
       Kick              |     3 |     1 ||     4
       Peck              |     1 |     2 ||     3
       Unarmed           |     1 |       ||     1
 Cast: Shock             |    48 |    43 ||    91
       Swiftness         |       |     1 ||     1
 Stab: Sleeping          |     2 |       ||     2
  Eat: Chunk             |     2 |     3 ||     5
Armor: Robe              |     7 |     2 ||     9
Dodge: Dodged            |     9 |    13 ||    22
